 Dungeon Crawl Stone Soup version 0.28-a0-1190-g77e1c55843 (webtiles) character file.

Game seed: 10025693829274247144

26 porpoise the Conjurer (level 2, -5/15 HPs)
             Began as a Deep Elf Conjurer on Dec 19, 2021.
             Slain by Terence (6 damage)
             ... on level 2 of the Dungeon.
             The game lasted 00:03:37 (1648 turns).

porpoise the Conjurer (Deep Elf Conjurer)           Turns: 1648, Time: 00:03:37

Health: -5/15      AC:  2    Str:  4    XL:     2   Next: 89%
Magic:  2/8        EV: 12    Int: 22    God:
Gold:   68         SH:  0    Dex: 13    Spells: 5/8 levels left

rFire   . . .      SeeInvis .   a - +0 dagger (venom)
rCold   . . .      Faith    .   (no shield)
rNeg    . . .      Spirit   .   h - +0 robe
rPois   .          Reflect  .   (no helmet)
rElec   .          Harm     .   (no cloak)
rCorr   .          Rampage  .   (no gloves)
Will    .....                   (no boots)
Stlth   ++........              (no amulet)
HPRegen 0.05/turn               (no ring)
MPRegen 0.11/turn               (no ring)

@: no status effects
A: no striking features
a: no special abilities


You were on level 2 of the Dungeon.
You visited 1 branch of the dungeon, and saw 2 of its levels.

You collected 68 gold pieces.

Inventory:

Hand Weapons
 a - a +0 dagger of venom (weapon)
Missiles
 f - 14 poisoned darts
 i - 29 stones
Armour
 h - a +0 robe (worn)
Wands
 k - a wand of paralysis (8)
Scrolls
 d - a scroll of teleportation {unknown}
 e - a scroll of blinking {unknown}
 g - a scroll of identify {unknown}
Potions
 b - 2 potions of resistance {unknown}
 c - a potion of curing {unknown}
 j - a potion of haste {unknown}


   Skills:
 - Level 2.4 Dodging
 + Level 2.7 Stealth
 * Level 3.5 Spellcasting
 * Level 5.0 Conjurations


You had 5 spell levels left.
You knew the following spells:

 Your Spells              Type           Power      Damage    Failure   Level
a - Magic Dart            Conj           100%       1d8       1%          1
b - Searing Ray           Conj           52%        2d6       2%          2

Your spell library contained the following spells:

 Spells                   Type           Power      Damage    Failure   Level
 Dazzling Flash           Conj/Hex       30%        N/A       12%         3
 Fulminant Prism          Conj/Hex       7%         3d7       38%         4
 Iskenderun's Mystic Bla  Conj/Tloc      15%        2d5       38%         4


Dungeon Overview and Level Annotations

Branches:
Dungeon (2/15)

Altars:

Annotations:
D:2 Terence


Message History

Terence barely misses you.
Casting: Searing Ray (safe; 2% risk of failure)
Confirm with . or Enter, or press ? or * to list all spells.
Aiming: Searing Ray (safe; 2% risk of failure)
Press: ? - help, Shift-Dir - straight line, f/p - Terence
Aim: Terence, wielding a +1 hand axe of venom and wearing a +0 chain mail (heavily wounded, 85% to hit)
The searing ray hits Terence but does no damage.
Terence is heavily wounded. (Press . to maintain the ray.) Terence hits you with a +1 hand axe of venom.
The searing ray hits Terence but does no damage.
Terence is heavily wounded.
Terence barely misses you.
Without enough magic to sustain it, your searing ray dissipates.
Terence closely misses you.
You aren't carrying any items that you can evoke.
Unknown command.
Unknown command.
Terence hits you with a +1 hand axe of venom!
Ouch! That really hurt!
You are poisoned.
* * * LOW HITPOINT WARNING * * *
You feel sick.
There is a faded altar of an unknown god here.
* * * LOW HITPOINT WARNING * * *
You feel sick.
* * * LOW HITPOINT WARNING * * *
You feel sick.
* * * LOW HITPOINT WARNING * * *
You feel sick.
* * * LOW HITPOINT WARNING * * *
You feel sick.
You are no longer poisoned.
Things that are here:
a +0 dagger; a goblin corpse Terence screams, "I want your blood!"
You see here a wand of paralysis (8).
k - a wand of paralysis (8) Terence hits you with a +1 hand axe of venom.
You die...

..........###.### #
..............#
...........####
........#..#
......###..#
.........).#####
......###......#
#..........###.####
...
#.##..........)@@.# ..
#.##.#...#..#.###.# ..
#....#...#._#.....#
#..#
####.#...#..#.....#
#.>. #
#...(..........# ###
##.
####...............#
... #.
.....#......#...#..#
#.# #.
###..#......#.(.#..###
#.#####.
#..#......#.........
#.#.....


You could see Terence.

Vanquished Creatures
  A dart slug (D:1)
  2 endoplasms (D:2)
  A giant cockroach (D:2)
  5 goblins (D:2)
  2 kobolds (D:2)
  A ball python (D:2)
  6 bats
  2 frilled lizards
  3 rats
23 creatures vanquished.

Notes
Turn   | Place    | Note
-------+----------+-------------------------------------------
     0 | D:1      | porpoise the Deep Elf Conjurer began the quest for the Orb.
     0 | D:1      | Reached XP level 1. HP: 10/10 MP: 6/6
   913 | D:1      | Reached XP level 2. HP: 15/15 MP: 6/8
   916 | D:1      | Learned a level 2 spell: Searing Ray
  1365 | D:2      | Reached skill level 5 in Conjurations
  1452 | D:2      | Found a faded altar of an unknown god.
  1627 | D:2      | Noticed Terence
  1648 | D:2      | Slain by Terence

Illustrated notes

Levels and vault maps discovered:
D:1:      psy_arrival_wood_between_worlds, layout_loops_ring,
          minmay_misc_feat_cross, bh_walls_and_bars
D:2:      layout_basic, hellmonk_ecumenical_altar_lost_god, uniq_terence

Skill      XL: |  1  2 |
---------------+-------+-----
Conjurations   | 5 |  5.0
Dodging        | |  2.4
Stealth        | |  2.7
Spellcasting   | |  3.5

Action                   || total
-------------------------++-------
 Cast: Magic Dart        ||    38
       Searing Ray       ||     2
Dodge: Dodged            ||     3

Table legend: (Time is in decaauts)
 A = Elapsed time spent in this place.
 B = Non-inter-level travel time spent in this place.
 C = Inter-level travel time spent in this place.
 D = Time resting spent in this place.
 E = Time spent auto-exploring this place.
 F = Levels seen in this place.
 G = Mean time per level.
                   A        B        C        D        E       F      G
               +--------+--------+--------+--------+--------+-----+--------+
         Total |   1647 |   1628 |     19 |    380 |   1114 |   2 |  823.5 |
       Dungeon |   1647 |   1628 |     19 |    380 |   1114 |   2 |  823.5 |
               +--------+--------+--------+--------+--------+-----+--------+

Top non-repeatable levels by time:
     D:1: 1077 daAuts
     D:2: 570 daAuts
